 Dungeon Crawl Stone Soup version 0.31-a0-174-g85c54bcb58 (webtiles) character file.

Game seed: 13073667504853663512

345 qw the Shooter (level 6, -3/52 (57) HPs)
             Began as a Naga Hunter on June 15, 2023.
             Slain by a gnoll
             ... wielding a +0 halberd
             ... led by a gnoll bouda
              (10 damage)
             ... on level 5 of the Dungeon.
             The game lasted 00:01:05 (2870 turns).

qw the Shooter (Naga Hunter)                        Turns: 2870, Time: 00:01:06

HP:   -3/52 (57)    AC:  9    Str: 19    XL:     6   Next: 58%
MP:   6/6           EV:  7    Int: 10    God:
Gold: 196           SH:  0    Dex: 16    Spells: 5/5 levels left

rFire   . . .        Y - +0 shortbow
rCold   . . .        (shield currently unavailable)
rNeg    . . .        c - +0 leather armour
rPois   +            (no helmet)
rElec   .            j - +0 cloak
rCorr   .            a - +0 pair of gloves
SInv    +            e - +0 barding
Will    .....        (no amulet)
Stlth   ++           g - +6 ring of strength
HPRegen 0.28/turn    (no ring)
MPRegen 0.10/turn

%: no passive effects
@: about to teleport, short of breath, drained, very slow
A: AC +2, large, see invisible, deformed body, poison resistance, slowness 2,
spit poison 1, naga tail 1, stinger 1
a: Spit Poison


You were on level 5 of the Dungeon.
You visited 1 branch of the dungeon, and saw 5 of its levels.

You collected 196 gold pieces.


Innate Abilities, Weirdness & Mutations

Your serpentine skin is tough. (AC +2)
You have supernaturally acute eyesight. (SInv)
Armour fits poorly on your strangely shaped body.
Your system is resistant to poisons. (rPois)
You cover ground very slowly.
You can spit poison.
You have a snake-like lower body.
Your tail ends in a venomous barb.


   Skills:
 + Level 3.8 Fighting
 - Level 6.0 Ranged Weapons
 - Level 1.1 Armour
 - Level 1.5 Dodging
 - Level 1.5 Stealth


You had 5 spell levels left.
You didn't know any spells.
Your spell library was empty.

Inventory:

Hand Weapons
 Y - a +0 shortbow (weapon)
Armour
 a - a +0 pair of gloves (worn)
 c - a +0 leather armour (worn)
 e - a +0 barding (worn)
 j - a +0 cloak (worn)
Jewellery
 g - a +6 ring of strength (left hand)
Scrolls
 f - a scroll of identify
Potions
 b - a potion of might {unknown}
 i - a potion of lignification {unknown}
 k - a potion of resistance {unknown}

Dungeon Overview and Level Annotations

Branches:
Dungeon (5/15)             Temple (0/1) D:5

Altars:
Hepliaklqana
Qazlal
The Shining One


Message History

A gnoll comes into view. It is wielding a +0 halberd.
The gnoll hits you with a +0 flail.
You shoot an arrow. The arrow hits the gnoll!
You kill the gnoll!
You have got your breath back.
The orc hits you but does no damage. x2
2866 ||| INVOKING Spit Poison.
Aiming: Spit Poison (1% risk of failure)
Press: ? - help, Shift-Dir - straight line, f - orc priest The splash of poison hits the orc priest!
The orc priest is severely wounded.
A gnoll comes into view. It is wielding a +0 club.
The orc barely misses you. The orc hits you with a +0 flail.
The orc priest barely misses you.
You shoot an arrow. The gnoll shouts!
The arrow hits the orc priest!
You kill the orc priest!
The orc hits you with a +0 mace! The orc hits you but does no damage.
A gnoll comes into view. It is wielding a +0 club.
You shoot an arrow. The arrow hits the gnoll bouda!
The gnoll bouda is heavily wounded.
You have got your breath back.
The gnoll bouda hits you with a +0 whip.
The orc hits you but does no damage. The orc hits you with a +0 flail.
The gnoll closely misses you.
2869 ||| INVOKING Spit Poison.
Aiming: Spit Poison (1% risk of failure)
Press: ? - help, Shift-Dir - straight line, f/p - gnoll bouda The splash of poison misses the gnoll bouda.
The gnoll bouda hits you but does no damage.
The orc hits you but does no damage. The orc hits you with a +0 flail.
The gnoll barely misses you.
2870 ||| READING scroll of teleportation.
As you read the scroll of teleportation, it crumbles to dust.
You feel strangely unstable. The gnoll bouda barely misses you.
The orc hits you with a +0 mace. The orc closely misses you.
The gnoll hits you from afar with a +0 halberd!
You die...

#.# #. #.## .. ...
#.#. .###... ##..
.....# .# ## ...
.....# ...#..#.#
###...... .
#.#....#.###....## ..#
#.##.........##o##...#
#.##.###.##...@g......
##.. #.##.###og..>..
..# #........gg....
#.# #####..###..##...#
#.###?....## .##g..#
###.....####.......
.... .....####
.######. ... ###.##
#.# . .. #.# ..#


You could see a gnoll bouda, 4 gnolls and 2 orcs.

Vanquished Creatures
  A scorpion (D:4)
  An orc priest (D:5)
  An iguana (D:4)
  3 orc wizards
  5 gnolls
  4 adders
  3 worms
  2 dart slugs
  7 orcs
  3 endoplasms
  2 giant cockroaches
  2 goblins (D:2)
  10 hobgoblins
  7 ball pythons
  7 bats
  4 frilled lizards
  6 kobolds
  3 rats
71 creatures vanquished.

Notes
Turn   | Place    | Note
-------+----------+-------------------------------------------
     0 | D:1      | qw the Naga Hunter began the quest for the Orb.
     0 | D:1      | Reached XP level 1. HP: 19/19 MP: 1/1
     0 | D:1      | 0 ||| qw: Version: 0.2-a-29-g511e9b1
     0 | D:1      | 0 ||| qw: Game counter: 5198
     0 | D:1      | 0 ||| qw: Always use a shield: true
     0 | D:1      | 0 ||| qw: God list: Okawaru
     0 | D:1      | 0 ||| qw: Allow faded altars: false
     0 | D:1      | 0 ||| qw: Do Orc after D:15 true
     0 | D:1      | 0 ||| qw: Do second Lair branch before Depths: true
     0 | D:1      | 0 ||| qw: Lair rune preference: random
     0 | D:1      | 0 ||| qw: Plans: Normal
     0 | D:1      | 0 ||| PLANNING D:1-11
    37 | D:1      | 37 ||| INVOKING Spit Poison.
    41 | D:1      | 41 ||| INVOKING Spit Poison.
    70 | D:1      | Reached skill level 4 in Ranged Weapons
    70 | D:1      | Reached XP level 2. HP: 26/26 MP: 2/2
    73 | D:1      | 73 ||| INVOKING Spit Poison.
   140 | D:1      | 140 ||| INVOKING Spit Poison.
   145 | D:1      | 145 ||| INVOKING Spit Poison.
   270 | D:1      | 270 ||| INVOKING Spit Poison.
   274 | D:1      | 274 ||| INVOKING Spit Poison.
   298 | D:1      | 298 ||| INVOKING Spit Poison.
   317 | D:1      | 317 ||| INVOKING Spit Poison.
   473 | D:1      | 473 ||| INVOKING Spit Poison.
   490 | D:1      | 490 ||| INVOKING Spit Poison.
   579 | D:1      | 579 ||| INVOKING Spit Poison.
   604 | D:1      | 604 ||| UPGRADING to +6 ring of strength.
   605 | D:1      | 605 ||| READING scroll labelled HAFEAPS JAUSMA.
   608 | D:1      | 608 ||| READING 2 scrolls labelled YFECYB YGGITA.
   609 | D:1      | 609 ||| READING scroll labelled ZIUT RIPAAS.
   610 | D:1      | 610 ||| DROPPING scroll of butterflies.
   649 | D:2      | 649 ||| INVOKING Spit Poison.
   652 | D:2      | Reached XP level 3. HP: 32/32 MP: 3/3
   654 | D:2      | 654 ||| INVOKING Spit Poison.
   691 | D:2      | 691 ||| INVOKING Spit Poison.
   702 | D:2      | 702 ||| INVOKING Spit Poison.
   721 | D:2      | 721 ||| INVOKING Spit Poison.
   815 | D:2      | 815 ||| INVOKING Spit Poison.
   882 | D:2      | 882 ||| INVOKING Spit Poison.
   888 | D:2      | 888 ||| INVOKING Spit Poison.
   897 | D:2      | 897 ||| INVOKING Spit Poison.
   901 | D:2      | 901 ||| INVOKING Spit Poison.
   952 | D:2      | 952 ||| INVOKING Spit Poison.
  1168 | D:2      | 1168 ||| UPGRADING to +0 pair of gloves.
  1173 | D:2      | 1173 ||| UPGRADING to +0 barding.
  1178 | D:2      | 1178 ||| DROPPING ring of flight.
  1179 | D:2      | 1179 ||| DRINKING 2 silvery potions.
  1180 | D:2      | 1180 ||| READING 3 scrolls of identify.
  1180 | D:2      | 1180 ||| IDENTIFYING brown potion
  1181 | D:2      | 1181 ||| READING 2 scrolls of identify.
  1181 | D:2      | 1181 ||| IDENTIFYING bubbling yellow potion
  1182 | D:2      | 1182 ||| DROPPING potion of degeneration.
  1183 | D:2      | 1183 ||| DROPPING potion of berserk rage.
  1283 | D:3      | 1283 ||| INVOKING Spit Poison.
  1301 | D:3      | 1301 ||| INVOKING Spit Poison.
  1307 | D:3      | 1307 ||| INVOKING Spit Poison.
  1313 | D:3      | 1313 ||| INVOKING Spit Poison.
  1314 | D:3      | Reached skill level 1 in Armour
  1314 | D:3      | Reached XP level 4. HP: 18/39 MP: 4/4
  1317 | D:3      | 1317 ||| INVOKING Spit Poison.
  1320 | D:3      | HP: 7/39 [gnoll/+0 club (4)]
  1321 | D:3      | 1321 ||| READING scroll of teleportation.
  1321 | D:3      | HP: 3/39 [gnoll/+0 club (4)]
  1322 | D:3      | 1322 ||| DRINKING potion of heal wounds.
  1324 | D:3      | 1324 ||| INVOKING Spit Poison.
  1327 | D:3      | 1327 ||| INVOKING Spit Poison.
  1404 | D:3      | 1404 ||| INVOKING Spit Poison.
  1405 | D:3      | Reached skill level 5 in Ranged Weapons
  1435 | D:3      | 1435 ||| INVOKING Spit Poison.
  1438 | D:3      | 1438 ||| INVOKING Spit Poison.
  1560 | D:3      | Found a stormy altar of Qazlal.
  1563 | D:3      | Found a hazy altar of Hepliaklqana.
  1565 | D:3      | Found a glowing golden altar of the Shining One.
  1660 | D:3      | 1660 ||| INVOKING Spit Poison.
  1762 | D:3      | 1762 ||| INVOKING Spit Poison.
  1852 | D:3      | 1852 ||| UPGRADING to +0 cloak.
  1857 | D:3      | 1857 ||| READING scroll labelled DYHASU AXKYPH.
  1858 | D:3      | 1858 ||| READING scroll labelled MUPTIL UDUGRU.
  1927 | D:4      | 1927 ||| INVOKING Spit Poison.
  1930 | D:4      | 1930 ||| Stepping ~*~*~tactically~*~*~ (outnumbered).
  1934 | D:4      | 1934 ||| INVOKING Spit Poison.
  1935 | D:4      | Reached skill level 3 in Fighting
  1935 | D:4      | Reached XP level 5. HP: 47/49 MP: 5/5
  2083 | D:4      | 2083 ||| INVOKING Spit Poison.
  2088 | D:4      | 2088 ||| INVOKING Spit Poison.
  2107 | D:4      | 2107 ||| INVOKING Spit Poison.
  2110 | D:4      | 2110 ||| INVOKING Spit Poison.
  2115 | D:4      | 2115 ||| INVOKING Spit Poison.
  2123 | D:4      | 2123 ||| INVOKING Spit Poison.
  2148 | D:4      | 2148 ||| INVOKING Spit Poison.
  2154 | D:4      | 2154 ||| INVOKING Spit Poison.
  2155 | D:4      | 2155 ||| INVOKING Spit Poison.
  2158 | D:4      | Reached XP level 6. HP: 54/56 MP: 6/6
  2162 | D:4      | 2162 ||| INVOKING Spit Poison.
  2180 | D:4      | 2180 ||| INVOKING Spit Poison.
  2188 | D:4      | 2188 ||| STAIRDANCE
  2200 | D:4      | 2200 ||| INVOKING Spit Poison.
  2215 | D:4      | 2215 ||| INVOKING Spit Poison.
  2216 | D:4      | 2216 ||| INVOKING Spit Poison.
  2219 | D:4      | 2219 ||| INVOKING Spit Poison.
  2269 | D:4      | 2269 ||| INVOKING Spit Poison.
  2319 | D:4      | 2319 ||| INVOKING Spit Poison.
  2490 | D:4      | 2490 ||| INVOKING Spit Poison.
  2610 | D:4      | 2610 ||| READING 2 scrolls labelled NUURUSIMADD.
  2611 | D:4      | 2611 ||| DRINKING 2 fuming ruby potions.
  2611 | D:4      | Gained mutation: Your muscles are strong. (Str +4, Int/Dex
                  | -1) [potion of mutation]
  2611 | D:4      | Gained mutation: You are frail. (-10% HP) [potion of
                  | mutation]
  2611 | D:4      | Gained mutation: You are very frail. (-20% HP) [potion of
                  | mutation]
  2612 | D:4      | 2612 ||| DRINKING potion of mutation.
  2612 | D:4      | Lost mutation: Your muscles are strong. (Str +4, Int/Dex
                  | -1) [potion of mutation]
  2612 | D:4      | Lost mutation: You are very frail. (-20% HP) [potion of
                  | mutation]
  2612 | D:4      | Lost mutation: You are frail. (-10% HP) [potion of
                  | mutation]
  2612 | D:4      | Gained mutation: Your tail ends in a venomous barb. [potion
                  | of mutation]
  2653 | D:4      | 2653 ||| DROPPING scroll of vulnerability.
  2702 | D:5      | Entered Level 5 of the Dungeon
  2703 | D:5      | 2703 ||| INVOKING Spit Poison.
  2704 | D:5      | 2704 ||| STAIRDANCE
  2710 | D:4      | 2710 ||| INVOKING Spit Poison.
  2712 | D:4      | Reached skill level 6 in Ranged Weapons
  2808 | D:5      | Found a staircase to the Ecumenical Temple.
  2809 | D:5      | 2809 ||| PLANNING TEMPLE
  2810 | D:5      | 2810 ||| INVOKING Spit Poison.
  2811 | D:5      | 2811 ||| INVOKING Spit Poison.
  2818 | D:5      | 2818 ||| INVOKING Spit Poison.
  2858 | D:5      | 2858 ||| INVOKING Spit Poison.
  2861 | D:5      | 2861 ||| INVOKING Spit Poison.
  2866 | D:5      | 2866 ||| INVOKING Spit Poison.
  2869 | D:5      | 2869 ||| INVOKING Spit Poison.
  2869 | D:5      | HP: 8/52 [orc/+0 flail (6)]
  2870 | D:5      | 2870 ||| READING scroll of teleportation.
  2870 | D:5      | Slain by a gnoll

Levels and vault maps discovered:
D:1:      mrwooster_arrival_statue_2, layout_basic
D:2:      layout_loops_cross
D:3:      layout_loops_ring, nicolae_overflow_hidden_temple, chequers_garden
D:4:      layout_gridville, minmay_crystal_water, minivault_1
D:5:      layout_rooms, grunt_temple_overflow_magic_moments,
          minmay_temple_entry_stoned_glass

Skill      XL: |  1  2  3  4  5  6 |
---------------+-------------------+-----
Ranged Weapons | 4 5 6 |  6.0
Armour         | 1 |  1.1
Fighting       | 3 |  3.8
Dodging        | |  1.5
Stealth        | |  1.5

Action                     |  1- 3 |  4- 6 || total
---------------------------+-------+-------++-------
   Fire: Shortbow          |    66 |    80 ||   146
Ability: Spit Poison       |    27 |    34 ||    61
    Use: Scroll            |     5 |     5 ||    10
         Potion            |     1 |     3 ||     4
 Armour: Leather armour    |    10 |    31 ||    41
  Dodge: Dodged            |    14 |    30 ||    44

Table legend:
 A = Non-vault XP
 B = Vault XP
 C = Vault XP percentage of total XP
 D = Non-vault monster count
 E = Vault monster count
 F = Vault count percentage of total count
                 A         B        C        D         E       F
            +---------+---------+-------+---------+---------+-------
      Total |     494 |       0 |   0.0 |      71 |       0 |   0.0
            +---------+---------+-------+---------+---------+-------
        D:1 |      31 |       0 |   0.0 |      19 |       0 |   0.0
        D:2 |      28 |       0 |   0.0 |      14 |       0 |   0.0
        D:3 |      92 |       0 |   0.0 |      12 |       0 |   0.0
        D:4 |     249 |       0 |   0.0 |      22 |       0 |   0.0
        D:5 |      94 |       0 |   0.0 |       4 |       0 |   0.0
            +---------+---------+-------+---------+---------+-------
